 Dungeon Crawl Stone Soup version 0.31-a0-40-g1d5085d191 (webtiles) character file.

Game seed: 10319106951463512406

56 frimble the Slasher (level 3, -3/24 (31) HPs)
             Began as a Gnoll Reaver on May 17, 2023.
             Slain by a gnoll
             ... wielding a +0 club
              (4 damage)
             ... on level 2 of the Dungeon.
             The game lasted 00:01:00 (1053 turns).

frimble the Slasher (Gnoll Reaver)                  Turns: 1053, Time: 00:01:01

HP:   -3/24 (31)    AC:  8    Str: 11    XL:     3   Next: 95%
MP:   9/9           EV:  9    Int: 14    God:
Gold: 71            SH:  0    Dex: 10    Spells: 11/12 levels left

rFire   . . .        a - +0 falchion
rCold   . . .        (no shield)
rNeg    + . .        g - +2 scale mail {rN+}
rPois   .            (no helmet)
rElec   .            (no cloak)
rCorr   .            (no gloves)
SInv    .            (no boots)
Will    .....        (no amulet) Stlth
                     (no ring)
HPRegen 0.24/turn    (no ring)
MPRegen 0.11/turn

%: no passive effects
@: weak-willed, heavily drained
A: fangs 1, strong nose, distributed training
a: no special abilities


You were on level 2 of the Dungeon.
You visited 1 branch of the dungeon, and saw 2 of its levels.

You collected 71 gold pieces.

Inventory:

Hand Weapons
 a - a +0 falchion (weapon)
Missiles
 d - 5 javelins (quivered)
Armour
 b - a +0 leather armour
 g - a +2 scale mail of positive energy (worn)
Scrolls
 e - a scroll of identify
 f - a scroll of fog


   Skills:
 + Level 4.6 Fighting
 + Level 1.0 Short Blades
 + Level 6.5 Long Blades
 + Level 1.0 Axes
 + Level 1.0 Maces & Flails
 + Level 1.0 Polearms
 + Level 1.0 Staves
 + Level 1.0 Ranged Weapons
 + Level 1.0 Throwing
 + Level 1.0 Armour
 + Level 4.6 Dodging
 + Level 1.0 Stealth
 + Level 1.0 Shields
 + Level 1.0 Unarmed Combat
 + Level 5.0 Spellcasting
 + Level 5.4 Conjurations
 + Level 0.7 Hexes
 + Level 0.7 Summonings
 + Level 0.7 Necromancy
 + Level 0.7 Translocations
 + Level 0.7 Transmutations
 + Level 0.7 Fire Magic
 + Level 0.7 Ice Magic
 + Level 0.7 Air Magic
 + Level 0.7 Earth Magic
 + Level 0.7 Poison Magic
 + Level 1.1 Invocations
 + Level 1.0 Evocations


You had 11 spell levels left.
You knew the following spells:

 Your Spells              Type           Power      Damage    Failure   Level
a - Kiss of Death         Conj/Necr      48%        2d9       30%         1

Your spell library contained the following spells:

 Spells                   Type           Power      Damage    Failure   Level
 Momentum Strike          Conj/Tloc      24%        3d8       41%         2
 Apportation              Tloc           10%        N/A       61%         1
 Necrotise                Necr           20%        1d5       61%         1
 Summon Small Mammal      Summ           20%        N/A       61%         1
 Hailstorm                Conj/Ice       12%        3d5       65%         3
 Call Canine Familiar     Summ           5%         N/A       93%         3
 Summon Guardian Golem    Hex/Summ       5%         N/A       93%         3


Dungeon Overview and Level Annotations

Branches:
Dungeon (2/15)

Altars:

Shops:
D:1 [


Innate Abilities, Weirdness & Mutations

You have very sharp teeth.
Your uncanny sense of smell can sniff out nearby items.
Your experience applies equally to all skills.


Message History

The gnoll is moderately wounded.
The gnoll hits you from afar with a +0 spear.
The gnoll hits you with a +0 club.
You are too injured to fight recklessly!
You are too injured to fight recklessly!
You are too injured to fight recklessly!
You are too injured to fight recklessly!
You are too injured to fight recklessly!
You are too injured to fight recklessly!
You are too injured to fight recklessly!
You are too injured to fight recklessly!
The gnoll attacks as you move away! The gnoll hits you with a +0 club.
* * * LOW HITPOINT WARNING * * *
You barely miss the gnoll.
The gnoll is moderately wounded.
A gnoll comes into view. It is wielding a +0 whip.
The gnoll hits you with a +0 club.
* * * LOW HITPOINT WARNING * * *
You aren't carrying any potions.
As you read the scroll labelled PUICZIVAL, it crumbles to dust.
The gnoll shouts!
Magic quickly surges around you.
It was a scroll of vulnerability.
The gnoll closely misses you. The gnoll hits you but does no damage.
As you read the scroll labelled PONOESA RUEXEFENK, it crumbles to dust.
It is a scroll of identify.
f - a scroll of fog The gnoll barely misses you.
The gnoll closely misses you.
You aren't carrying any items that you can evoke.
Throw: 6 javelins
Press: ? - help, Q - select action, (/) - cycle Shift-Dir - straight line, f - gnoll
Aim: a gnoll, wielding a +0 club (moderately wounded, weak-willed, 61% to hit)
You throw a javelin. The javelin pierces through the gnoll.
The gnoll is heavily wounded.
The javelin pierces through the gnoll.
The gnoll is heavily wounded.
The javelin barely misses the gnoll.
The gnoll hits you from afar with a +0 spear.
* * * LOW HITPOINT WARNING * * *
The gnoll hits you with a +0 club.
You die...

#######..........#
#.# #######.##.#
#.# #.##.####.#
#.##......#
#.######### #.#
#.# #.# #@# #g#
#g# .g. .....
....... .....####
.....(# ......##


You could see 3 gnolls.

Vanquished Creatures
  4 gnolls (D:2)
  An adder (D:2)
  2 ball pythons (D:1)
  An endoplasm (D:1)
  2 hobgoblins (D:1)
  A rat (D:1)
11 creatures vanquished.

Notes
Turn   | Place    | Note
-------+----------+-------------------------------------------
     0 | D:1      | frimble the Gnoll Reaver began the quest for the Orb.
     0 | D:1      | Reached XP level 1. HP: 20/20 MP: 6/6
   179 | D:1      | Found Gihe's Armour Shop.
   184 | D:1      | Found a faded altar of an unknown god.
   320 | D:1      | Reached XP level 2. HP: 20/26 MP: 7/7
   885 | D:2      | Reached skill level 5 in Spellcasting
   885 | D:2      | Reached XP level 3. HP: 21/31 MP: 7/9
   894 | D:2      | Reached skill level 1 in Invocations
   897 | D:2      | Reached skill level 1 in Short Blades
   897 | D:2      | Reached skill level 1 in Axes
   897 | D:2      | Reached skill level 1 in Maces & Flails
   897 | D:2      | Reached skill level 1 in Polearms
   897 | D:2      | Reached skill level 1 in Staves
   897 | D:2      | Reached skill level 1 in Ranged Weapons
   897 | D:2      | Reached skill level 1 in Throwing
   897 | D:2      | Reached skill level 1 in Armour
   897 | D:2      | Reached skill level 1 in Stealth
   897 | D:2      | Reached skill level 1 in Shields
   897 | D:2      | Reached skill level 1 in Unarmed Combat
   897 | D:2      | Reached skill level 1 in Evocations
  1053 | D:2      | HP: 1/24 [gnoll/+0 spear (2)]
  1053 | D:2      | Slain by a gnoll

Illustrated notes

Levels and vault maps discovered:
D:1:      dpeg_arrival_refuge, layout_basic, serial_shops, shop_fountains,
          ebering_ecumenical_altar_box
D:2:      layout_basic, uniq_robin

Skill      XL: |  1  2  3 |
---------------+----------+-----
Spellcasting   | 5 |  5.0
Invocations    | 1 |  1.1
Short Blades   | 1 |  1.0
Axes           | 1 |  1.0
Maces & Flails | 1 |  1.0
Polearms       | 1 |  1.0
Staves         | 1 |  1.0
Ranged Weapons | 1 |  1.0
Throwing       | 1 |  1.0
Armour         | 1 |  1.0
Stealth        | 1 |  1.0
Shields        | 1 |  1.0
Unarmed Combat | 1 |  1.0
Evocations     | 1 |  1.0
Fighting       | |  4.6
Long Blades    | |  6.5
Dodging        | |  4.6
Conjurations   | |  5.4
Hexes          | |  0.7
Summonings     | |  0.7
Necromancy     | |  0.7
Translocations | |  0.7
Transmutations | |  0.7
Fire Magic     | |  0.7
Ice Magic      | |  0.7
Air Magic      | |  0.7
Earth Magic    | |  0.7
Poison Magic   | |  0.7

Action                     || total
---------------------------++-------
  Melee: Falchion          ||    46
         Bite              ||     2
  Throw: Javelin           ||     1
   Cast: Kiss of Death     ||     2
    Use: Scroll            ||     2
 Armour: Leather armour    ||     3
         Scale mail        ||    17
  Dodge: Dodged            ||    20

Table legend: (Time is in decaauts)
 A = Elapsed time spent in this place.
 B = Non-inter-level travel time spent in this place.
 C = Inter-level travel time spent in this place.
 D = Time resting spent in this place.
 E = Time spent auto-exploring this place.
 F = Levels seen in this place.
 G = Mean time per level.
                   A        B        C        D        E       F      G
               +--------+--------+--------+--------+--------+-----+--------+
         Total |   1051 |   1023 |     28 |      0 |    891 |   2 |  525.5 |
       Dungeon |   1051 |   1023 |     28 |      0 |    891 |   2 |  525.5 |
               +--------+--------+--------+--------+--------+-----+--------+

Top non-repeatable levels by time:
     D:1: 759 daAuts
     D:2: 292 daAuts
